 Dungeon Crawl Stone Soup version 0.30-a0-1114-gd936c97349 (webtiles) character file.

Game seed: 8005132379823795633

71 themarg the Caller (level 4, -8/30 HPs)
             Began as a Merfolk Summoner on Apr 20, 2023.
             Mangled by Natasha (9 damage)
             ... on level 2 of the Dungeon.
             The game lasted 00:05:08 (2501 turns).

themarg the Caller (Merfolk Summoner)               Turns: 2501, Time: 00:05:09

Health: -8/30      AC:  2    Str:  8    XL:     4   Next: 24%
Magic:  0/7        EV: 12    Int: 16    God:
Gold:   106        SH:  0    Dex: 14    Spells: 1/7 levels left

rFire   . . .      SeeInvis .    c - +0 spear
rCold   . . .      Faith    .    (no shield)
rNeg    . . .      Spirit   .    a - +0 robe
rPois   .          Reflect  .    (no helmet)
rElec   .          Rampage  .    (no cloak)
rCorr   .                        (no gloves)
Will    .....                    (no boots)
Stlth   ++                       (no amulet)
HPRegen 0.25/turn                (no ring)
MPRegen 0.10/turn                (no ring)

@: no status effects
A: (nimble swimmer 2), mertail
a: no special abilities


You were on level 2 of the Dungeon.
You visited 1 branch of the dungeon, and saw 2 of its levels.

You collected 106 gold pieces.

Inventory:

Hand Weapons
 c - a +0 spear (weapon)
Missiles
 d - 4 poisoned darts
 h - 17 stones
 m - a throwing net
Armour
 a - a +0 robe (worn)
Scrolls
 e - a scroll of brand weapon {unknown}
 f - a scroll of summoning {unknown}
 k - a scroll of noise {unknown}
 l - a scroll of blinking {unknown}
 n - a scroll of amnesia {unknown}
 o - a scroll of poison {unknown}
 p - a scroll of enchant armour {unknown}
Potions
 b - a potion of magic
 g - a potion of resistance {unknown}
 i - 2 potions of heal wounds {unknown}
 j - a potion of might {unknown}
 q - a potion of curing {unknown}


   Skills:
 - Level 2.6 Dodging
 - Level 3.0 Stealth
 - Level 2.0 Spellcasting
 + Level 5.3 Summonings


You had one spell level left.
You knew the following spells:

 Your Spells              Type           Power      Damage    Failure   Level
a - Summon Small Mammal   Summ           72%        N/A       2%          1
b - Call Imp              Summ           36%        N/A       3%          2
c - Call Canine Familiar  Summ           18%        N/A       7%          3

Your spell library contained the following spells:

 Spells                   Type           Power      Damage    Failure   Level
 Summon Guardian Golem    Hex/Summ       10%        N/A       21%         3
 Sublimation of Blood     Necr           1%         N/A       30%         2
 Wereblood                Tmut           1%         N/A       30%         2
 Summon Lightning Spire   Summ/Air       10%        N/A       56%         4
 Anguish                  Hex/Necr       0%         N/A       90%         4
 Cause Fear               Hex            0%         N/A       90%         4
 Enfeeble                 Hex            0%         N/A       100%        7
 Summon Hydra             Summ           9%         N/A       100%        7


Dungeon Overview and Level Annotations

Branches:
Dungeon (2/15)

Altars:

Annotations:
D:2 Natasha


Innate Abilities, Weirdness & Mutations

((You are very nimble when in or above water. (Stealth+, EV+, Speed+++)))
Your lower body shifts to a powerful aquatic tail in water.


Message History

Press: ? - help, Dir - move target, f - Natasha
Aim: Natasha (ally target, about 47% to evade your +0 spear)
You could not reach far enough!
Your hound misses Natasha. Natasha claws your hound.
Your hound dies!
Your hound's corpse disappears in a puff of smoke!
You hit Natasha but do no damage. Your punch misses Natasha.
Natasha mumbles some strange words.
You barely miss Natasha. Natasha claws you.
Your magical contamination has completely faded away.
You miss Natasha. Natasha misses you. The cerulean imp closely misses you.
You closely miss Natasha. Natasha closely misses you.
The cerulean imp hits you from afar with a +1 spear.
A tiny devil pulls itself out of the air.
Your cerulean imp says, "I'm here!"
Natasha claws you but does no damage.
The cerulean imp hits you from afar with a +1 spear.
Natasha attacks as you move away! Natasha claws you but does no damage.
Natasha claws you.
Your cerulean imp closely misses Natasha.
You closely miss Natasha. The cerulean imp misses you.
Natasha casts a spell at you. You resist with some effort.
Your cerulean imp hits Natasha but does no damage.
The cerulean imp hits you but does no damage.
You closely miss Natasha. Natasha misses you.
Your cerulean imp closely misses Natasha.
The cerulean imp barely misses you.
You barely miss Natasha. Natasha claws you.
Your cerulean imp hits Natasha from afar with a -2 spear.
The cerulean imp hits you from afar with a +1 spear.
You hit Natasha.
Natasha is moderately wounded.
Natasha claws you!
* * * LOW HITPOINT WARNING * * *
Your cerulean imp misses Natasha.
The cerulean imp hits you from afar with a +1 spear.
* * * LOW HITPOINT WARNING * * *
Natasha claws you!
You die...

**#...##.#.....#.#......#.####...
,,....,..#.....#.#......#.####.##
**,,*****#.#+#.#.#......#.##.....
,รท>,,,,,,...............#.##.#.##
,,,,,*,,,###.#.#.#......#.##.#...
,,,,,*,,,* *,#,#.#......#.##.###.
,,,,,*******,*,#5##.......##.###.
,,,,,,,,,,,,,*,#h.5###'##......'.
**********,,,*,#@r.# #.##..#.###.
**************,#...#*#.###...# #.
,,,,,,,,,,,,,,<......#.# ##..# #.
,,,,,,,*,,,,,..#.###.#.# #..# #.
,,,,,,,+,,,....'..,,.#.#**#..# ##
,,,,,,,*,,,....##.,,,#.#,,)..#**,
*+****,,,,,....**.,,,#.#,,....**,
,,,,,,,,,,...,,**..,,*,*,...).**,
,,,,,,,,,,,,,,,**,,,,*,,,,,,,,,,,


You could see Natasha (ally target), a cerulean imp (summoned), a friendly
cerulean imp (summoned) and a friendly quokka (summoned).

Vanquished Creatures
  A dart slug (D:1)
  An endoplasm (D:2)
  A giant cockroach (D:2)
  2 hobgoblins
  2 quokkas (D:1)
  A bat (D:1)
8 creatures vanquished.

Vanquished Creatures (collateral kills)
  Natasha (D:2)
  A worm (D:2)
  2 endoplasms
  A giant cockroach (D:1)
  3 goblins
  3 hobgoblins
  6 jackals (D:1)
  A quokka (D:2)
  3 ball pythons (D:1)
  2 bats (D:1)
  2 kobolds (D:2)
  4 rats
29 creatures vanquished.

Grand Total: 37 creatures vanquished

Notes
Turn   | Place    | Note
-------+----------+-------------------------------------------
     0 | D:1      | themarg the Merfolk Summoner began the quest for the Orb.
     0 | D:1      | Reached XP level 1. HP: 13/13 MP: 3/3
   151 | D:1      | Reached XP level 2. HP: 17/19 MP: 0/5
   170 | D:1      | Learned a level 2 spell: Call Imp
   698 | D:1      | Reached XP level 3. HP: 24/24 MP: 1/6
  1520 | D:2      | Learned a level 3 spell: Call Canine Familiar
  1633 | D:2      | Noticed Natasha
  1892 | D:2      | Reached skill level 5 in Summonings
  2337 | D:2      | Killed Natasha
  2338 | D:2      | Reached XP level 4. HP: 29/30 MP: 1/7
  2481 | D:2      | Noticed Natasha
  2500 | D:2      | HP: 1/30 [cerulean imp/+1 spear[Natasha] (3)]
  2501 | D:2      | Mangled by Natasha

Illustrated notes

Levels and vault maps discovered:
D:1:      wander_arrival_chamber, layout_loops_corners, st_stairs_14
D:2:      layout_basic, uniq_natasha

Skill      XL: |  1  2  3 |
---------------+----------+-----
Stealth        | 3 |  3.0
Summonings     | 5 |  5.3
Dodging        | |  2.6
Spellcasting   | |  2.0

Action                     |  1- 3 |  4- 6 || total
---------------------------+-------+-------++-------
  Melee: Unarmed           |    32 |       ||    32
         Spear             |    52 |     8 ||    60
   Cast: Summon Small Mamm |    50 |     1 ||    51
         Call Imp          |     9 |     1 ||    10
         Call Canine Famil |     1 |     1 ||     2
   Stab: Sleeping          |     1 |       ||     1
         Distracted        |     2 |       ||     2
 Armour: Robe              |    11 |     3 ||    14
  Dodge: Dodged            |    50 |     6 ||    56

Table legend: (Time is in decaauts)
 A = Elapsed time spent in this place.
 B = Non-inter-level travel time spent in this place.
 C = Inter-level travel time spent in this place.
 D = Time resting spent in this place.
 E = Time spent auto-exploring this place.
 F = Levels seen in this place.
 G = Mean time per level.
                   A        B        C        D        E       F      G
               +--------+--------+--------+--------+--------+-----+--------+
         Total |   2507 |   2477 |     30 |     55 |   2028 |   2 | 1253.5 |
       Dungeon |   2507 |   2477 |     30 |     55 |   2028 |   2 | 1253.5 |
               +--------+--------+--------+--------+--------+-----+--------+

Top non-repeatable levels by time:
     D:1: 1354 daAuts
     D:2: 1153 daAuts
